 Dungeon Crawl Stone Soup version 0.31-a0-876-gfe8ebadbca (webtiles) character file.

Game seed: 11584786008016938717

3077 BinkBink the Cleaver (level 9, -8/81 HPs)
             Began as a Minotaur Monk on Oct 14, 2023.
             Was an Elder of Okawaru.
             Killed from afar by Maggie (14 damage)
             ... with a bolt of dispelling energy
             ... on level 8 of the Dungeon.
             The game lasted 00:11:08 (8052 turns).

BinkBink the Cleaver (Minotaur Monk)                Turns: 8052, Time: 00:11:10

Health: -8/81      AC:  2    Str: 19 (20) XL:     9   Next: 58%
Magic:  8/8        EV: 16    Int:  6 (7)  God:    Okawaru [****..]
Gold:   620        SH:  0    Dex: 16 (19) Spells: 8/8 levels left

rFire   . . .        G - +4 battleaxe
rCold   . . .        (shield currently unavailable)
rNeg    . . .        b - +0 robe
rPois   .            (helmet currently unavailable)
rElec   .            (cloak currently unavailable)
rCorr   .            (gloves currently unavailable)
SInv    .            (boots currently unavailable)
Will    .....        m - amulet of faith
Stlth   +            F - +6 ring of dexterity
HPRegen 0.33/turn    (no ring)
MPRegen 0.11/turn

%: faith
@: beast-form, mesmerised
A: beast (slay +2), horns 2, retaliatory headbutt
a: Begin Untransformation, Renounce Religion, Heroism, Finesse


You were on level 8 of the Dungeon.
You worshipped Okawaru.
Okawaru was greatly pleased with you.
You were a hulking beast.
You visited 1 branch of the dungeon, and saw 8 of its levels.
You also visited: Sewer and Ossuary.

You collected 620 gold pieces.

Inventory:

Hand Weapons
 G - a +4 battleaxe (weapon)
Armour
 b - a +0 robe (worn)
 d - a +0 hat
 n - the +3 ring mail "Riadwiet" {Contam rElec rN+++ Str-3}
   (You found it on level 2 of the Dungeon)

   Str-3:     It affects your strength (-3).
   rElec:     It insulates you from electricity.
   rN+++:     It renders you almost immune to negative energy.
   Contam:    It causes magical contamination when unequipped.
 H - a +0 pair of boots
Jewellery
 a - an amulet of magic regeneration
 g - a ring of ice
 m - an amulet of faith (around neck)
 F - a +6 ring of dexterity (left hand)
Talismans
 s - a beast talisman (active)
 C - a granite talisman
Scrolls
 e - 7 scrolls of identify {unknown}
 f - 2 scrolls of noise {unknown}
 h - a scroll of fear {unknown}
 i - 2 scrolls of poison {unknown}
 q - 2 scrolls of vulnerability {unknown}
 w - 5 scrolls of teleportation {unknown}
 x - a scroll of immolation {unknown}
 y - a scroll of summoning {unknown}
 D - a scroll of enchant armour {unknown}
 E - a scroll of acquirement {unknown}
Potions
 c - a potion of ambrosia
 k - a potion of brilliance {unknown}
 l - a potion of invisibility {unknown}
 o - a potion of attraction {unknown}
 p - a potion of resistance {unknown}
 r - a potion of enlightenment {unknown}
 t - a potion of magic {unknown}
 u - a potion of cancellation {unknown}
 A - a potion of berserk rage {unknown}
 B - a potion of might {unknown}


   Skills:
 + Level 8.1 Fighting
 * Level 11.0 Axes
 + Level 7.3 Dodging
 + Level 4.1 Shapeshifting


You had 8 spell levels left.
You didn't know any spells.
Your spell library contained the following spells:

 Spells                   Type           Power      Damage    Failure   Level
 Blink                    Tloc           0%         N/A       58%         2
 Lesser Beckoning         Tloc           0%         N/A       58%         2
 Momentum Strike          Conj/Tloc      0%         3d8       58%         2
 Sublimation of Blood     Necr           0%         N/A       58%         2
 Wereblood                Tmut           0%         N/A       58%         2
 Ozocubu's Refrigeration  Ice            0%         4d7       100%        7
 Polar Vortex             Ice            0%         N/A       100%        9
 Simulacrum               Ice/Necr       Unusable   N/A       N/A         6
 Summon Hydra             Summ           Unusable   N/A       N/A         7

Dungeon Overview and Level Annotations

Branches:
Dungeon (8/15)             Temple (0/1) D:5           Sewer (visited)
Ossuary (visited)
   Lair: D:8-11

Altars:
Okawaru
Trog

Shops:
D:3 =

Annotations:
D:4 3 runed translucent doors, kuniqs's ghost, amateur AtFi
D:7 1 runed translucent door, Crazy Yiuf
D:8 Grum; Maggie


Innate Abilities, Weirdness & Mutations

You are a hulking beast.
Your limbs bulge with bestial killing power. (Slay +2)
You have a pair of horns on your head.
You reflexively headbutt those who attack you in melee.


Message History

Grum hits you with a +1 glaive of protection!
Things that are here:
a +0 orcbow; a centaur corpse The gnoll sergeant shouts!
You slash Grum!
Grum is moderately wounded.
You closely miss the wolf.
You hear a shout!
The wolf misses you. Grum completely misses you. The wolf bites you.
You slice Grum!!
Grum is severely wounded.
You closely miss the wolf. The wolf misses you.
Grum hits you with a +1 glaive of protection!
* * * LOW HITPOINT WARNING * * *
The wolf bites you.
* * * LOW HITPOINT WARNING * * *
You feel better. The wolf closely misses you. You furiously retaliate!
You headbutt the wolf.
Grum hits you with a +1 glaive of protection!
* * * LOW HITPOINT WARNING * * *
The wolf bites you.
* * * LOW HITPOINT WARNING * * *
Okay, then.
Blink to where?
Press: ? - help, Dir - move target You cannot blink away from Maggie!
Blink to where?
Press: ? - help, Dir - move target
As you read the scroll of blinking, it crumbles to dust.
Maggie zaps a wand.
The bolt of dispelling energy misses you.
A gnoll comes into view. It is wielding a +0 whip.
It was a potion of degeneration.
There was something very wrong with that liquid.
You feel weakened.
You feel dopey.
You feel clumsy.
The gnoll shouts!
The wolf barely misses you.
Maggie zaps a wand.
The bolt of dispelling energy hits you!
Your magical effects are unravelling.
You die...

#.......♣.♣...
#......... .≈.
#........≈....
#...........≈.
#.......♣.♣...
#............♣
#......≈...≈..
#.....h..♣....
######h≈g..≈..
#.....g)@....♣
#...<.§.♣.♣...
#...........≈.
########.≈...g
....≈. ..♣...
.. ..


You could see Maggie (mesmerising), Grum, a gnoll sergeant, a wolf and a gnoll.

Vanquished Creatures
  Prince Ribbit (D:8)
  A steam dragon (D:7)
  2 sky beasts
  3 black bears
  An ice beast (D:5)
  2 centaurs
  2 wolves (D:8)
  2 phantoms
  3 bullfrogs
  2 elf zombies (Ossuary)
  5 scorpions
  5 wights (D:7)
  A centaur zombie (Ossuary)
  2 jellies
  A gnoll bouda (D:7)
  3 hounds
  3 sleepcaps
  5 iguanas
  3 orc wizards (D:6)
  3 mummies
  5 gnolls (D:7)
  3 river rats (D:4)
  11 adders
  A white imp (D:8)
  4 ufetubi
  4 worms
  4 dart slugs
  11 orcs
  10 endoplasms
  8 giant cockroaches
  5 goblins
  8 hobgoblins
  8 jackals (D:3)
  9 kobolds
  10 quokkas
  14 ball pythons
  5 bats
  11 frilled lizards
  4 gnoll zombies (Ossuary)
  3 goblin zombies (Ossuary)
  4 hobgoblin zombies (Ossuary)
  11 rats
203 creatures vanquished.

Vanquished Creatures (others)
  An orc (D:8)
1 creature vanquished.

Grand Total: 204 creatures vanquished

Notes
Turn   | Place    | Note
-------+----------+-------------------------------------------
     0 | D:1      | BinkBink the Minotaur Monk began the quest for the Orb.
     0 | D:1      | Reached XP level 1. HP: 19/19 MP: 0/0
    89 | D:1      | Reached skill level 4 in Axes
   127 | D:1      | Reached XP level 2. HP: 22/27 MP: 1/1
   604 | D:2      | Reached XP level 3. HP: 26/33 MP: 2/2
   955 | D:2      | Identified the +3 ring mail "Riadwiet" {Contam rElec rN+++
                  | Str-3}
  1478 | D:3      | Reached XP level 4. HP: 40/40 MP: 3/3
  1516 | D:3      | Identified the +0 leather armour of Sorcery {-Cast rElec
                  | Dex+9}
  1529 | D:3      | Found Ewaemah's Jewellery Shop.
  1533 | D:3      | Reached skill level 5 in Axes
  2603 | D:4      | Reached XP level 5. HP: 43/47 MP: 4/4
  2785 | D:4      | Found a glowing drain.
  2793 | Sewer    | Entered a sewer
  2929 | Sewer    | Reached skill level 6 in Axes
  3015 | Sewer    | Reached skill level 1 in Shapeshifting
  3132 | Sewer    | Reached skill level 5 in Fighting
  3132 | Sewer    | Reached XP level 6. HP: 54/56 MP: 5/5
  3255 | D:4      | Found a runed translucent gate.
  3255 | D:4      | Found a runed translucent gate.
  3255 | D:4      | Found a runed translucent gate.
  3255 | D:4      | Noticed kuniqs's ghost (amateur AtFi)
  3494 | D:4      | Reached skill level 7 in Axes
  3494 | D:4      | Reached skill level 5 in Dodging
  3494 | D:4      | Reached XP level 7. HP: 54/61 MP: 6/6
  3637 | D:4      | Found an iron altar of Okawaru.
  3904 | D:4      | Became a worshipper of Warmaster Okawaru
  3904 | D:4      | Reached * piety under Okawaru
  3904 | D:4      | Reached ** piety under Okawaru
  4002 | D:5      | Entered Level 5 of the Dungeon
  4177 | D:5      | Found a staircase to the Ecumenical Temple.
  4405 | D:5      | Found a sand-covered staircase.
  4410 | D:5      | Reached skill level 8 in Axes
  4413 | Ossuary  | Entered an ossuary
  4472 | Ossuary  | Reached XP level 8. HP: 43/70 MP: 7/7
  4949 | D:5      | Reached *** piety under Okawaru
  5047 | D:5      | Found a bloodstained altar of Trog.
  5637 | D:6      | Reached skill level 9 in Axes
  6602 | D:7      | Reached **** piety under Okawaru
  6714 | D:7      | Reached XP level 9. HP: 61/79 MP: 8/8
  6781 | D:7      | Found a runed translucent door.
  6782 | D:7      | Noticed Crazy Yiuf
  6899 | D:7      | Reached skill level 10 in Axes
  8034 | D:8      | Noticed Prince Ribbit
  8039 | D:8      | Killed Prince Ribbit
  8039 | D:8      | Noticed Grum
  8040 | D:8      | Noticed Maggie
  8047 | D:8      | Reached skill level 11 in Axes
  8052 | D:8      | Killed from afar by Maggie

Illustrated notes

Levels and vault maps discovered:
D:1:      zaba_arrival_water, layout_rooms, minmay_misc_feat_chi
D:2:      layout_basic, minmay_heptomino_h4
D:3:      layout_basic, serial_shops, shop
D:4:      cheibrodos_helix_gallery, layout_layer_cave, kennysheep_little_box,
          lightli_sewer_entry_pipes, ebering_ghost_rock_garden
D:5:      layout_basic, lemuel_tele_altar, minmay_temple_entry_nine_rooms,
          gup_ossuary_entry_pyramid, serial_rivers,
          chequers_serial_rivers_small_3, chequers_serial_rivers_micro_a,
          chequers_serial_rivers_small_b, chequers_serial_rivers_micro_c,
          palyth_stone_intersect, kennysheep_pointless_box,
          kennysheep_generic_room_10
D:6:      layout_cave_pods
D:7:      layout_rooms, enter_bailey_4, kb_lookout_dungeons_type,
          uniq_crazy_yiuf_cottage
D:8:      layout_gridville, lemuel_crystal_altar,
          nicolae_kite_square_tiling_tiny, hangedman_decor_opposing,
          chequers_avenue, hangedman_decor_growths, uniq_prince_ribbit1,
          uniq_grum, uniq_maggie

Skill      XL: |  1  2  3  4  5  6  7  8  9 |
---------------+----------------------------+-----
Axes           | 4 5 6 7 8 9 11 | 11.0
Fighting       | 4 5 6 7 8 |  8.1
Dodging        | 4 5 6 7 |  7.3
Shapeshifting  | 1 2 3 4 |  4.1

Action                     |  1- 3 |  4- 6 |  7- 9 || total
---------------------------+-------+-------+-------++-------
  Melee: Hand axe          |    68 |    31 |       ||    99
         Headbutt          |    20 |    29 |    53 ||   102
         War axe           |       |   125 |   146 ||   271
         Battleaxe         |       |       |    32 ||    32
         Unarmed           |       |       |    13 ||    13
    Use: Potion            |       |       |     3 ||     3
         Scroll            |       |       |     2 ||     2
 Armour: Robe              |    30 |    66 |   116 ||   212
  Dodge: Dodged            |    40 |   113 |   195 ||   348
   Form: Beast             |       |     1 |       ||     1

Table legend: (Time is in decaauts)
 A = Elapsed time spent in this place.
 B = Non-inter-level travel time spent in this place.
 C = Inter-level travel time spent in this place.
 D = Time resting spent in this place.
 E = Time spent auto-exploring this place.
 F = Levels seen in this place.
 G = Mean time per level.
                   A        B        C        D        E       F      G
               +--------+--------+--------+--------+--------+-----+--------+
         Total |   8212 |   7652 |    560 |    637 |   5765 |  10 |  821.2 |
       Dungeon |   7463 |   6903 |    560 |    509 |   5502 |   8 |  932.9 |
         Sewer |    446 |    446 |      0 |      0 |    255 |   1 |  446.0 |
       Ossuary |    303 |    303 |      0 |    128 |      8 |   1 |  303.0 |
               +--------+--------+--------+--------+--------+-----+--------+

Top non-repeatable levels by time:
     D:4: 1343 daAuts
     D:5: 1265 daAuts
     D:7: 1250 daAuts
     D:6: 1236 daAuts
     D:3: 964 daAuts
     D:2: 777 daAuts
     D:1: 605 daAuts
   Sewer: 446 daAuts
 Ossuary: 303 daAuts
     D:8: 19 daAuts
